Islanders vs Flames
Created - November 28, 2024 at 21:56
Goals
|
Islanders |
3 |
1 |
5 |
9 |
Flames |
1 |
2 |
1 |
4 |
|
Shots
|
Islanders |
13 |
12 |
13 |
38 |
Flames |
11 |
14 |
7 |
32 |
|
1st period
1. Flames , Kevin Labanc 3 (Sami Vatanen 10, Jake DeBrusk 9) at 6:00
2. Islanders , Brandon Sutter 8 (Kellan Lain 9, Garnet Hathaway 6) at 9:04
3. Islanders , Vladimir Tarasenko 9 (Brock McGinn 7, Brayden Schenn 13) at 13:05 (PP)
4. Islanders , Brock McGinn 9 (Brayden Schenn 14, Vladimir Tarasenko 13) at 18:51
Penalties :
David Ullstrom (Cal) for Cross-checking (Minor) at 13:01, Brian Ferlin (NyI) for Tripping (Minor) at 14:53, Gabriel Carlsson (NyI) for Tripping (Minor) at 19:36
2nd period
5. Flames , Jake DeBrusk 7 (Jimmy Hayes 15, Sami Vatanen 11) at 0:12 (PP)
6. Islanders , Garnet Hathaway 3 (Yann Sauvé 7, Brock McGinn 8) at 1:54
7. Flames , Esa Lindell 4 (Christian Folin 4, Jimmy Hayes 16) at 11:08
Penalties :
Michael Latta (NyI) for Holding (Minor) at 13:47
3rd period
8. Islanders , Kellan Lain 4 (Ryan Ellis 13, Brandon Sutter 9) at 0:40
9. Islanders , Brayden Schenn 6 (Ryan Ellis 14, Brock McGinn 9) at 2:45 (PP)
10. Islanders , Brayden Schenn 7 (Brock McGinn 10) at 4:48 (PP)
11. Flames , Kevin Labanc 4 (Sami Vatanen 12, Jake DeBrusk 10) at 10:43
12. Islanders , Brayden Schenn 8 (Ryan Ellis 15) at 17:55 (PP)
13. Islanders , Brandon Sutter 9 (Nikita Zadorov 4, Ryan Ellis 16) at 19:33
Penalties :
Sami Vatanen (Cal) for Tripping (Minor) at 1:24, Eric Staal (Cal) for Tripping (Minor) at 4:37, Esa Lindell (Cal) for Tripping (Minor) at 7:11, Brayden Schenn (NyI) for High sticking (Minor) at 10:46, Erik Johnson (Cal) for Hooking (Minor) at 14:30, Erik Johnson (Cal) for Cross-checking (Minor) at 17:39
Goalie Stats
Tyler Weiman (NyI), 28 saves from 32 shots - (0.875), W, 8-5-1, 60:00 minutes
Christopher Gibson (Cal), 10 saves from 14 shots - (0.714), 21:54 minutes
Michael Hutchinson (Cal), 19 saves from 24 shots - (0.792), L, 1-3-0, 38:06 minutes
Players Stats for Islanders
Player Name G A P +/- PIM S H SB GA TA FO MP PP MP PK MP
------------------------------------------------------------------------------------
Brady Skjei 0 0 0 -1 0 2 0 0 0 0 0/0 10:13 0:00 0:00
Brandon Sutter 2 1 3 3 0 4 4 0 0 1 15/25 18:10 1:46 2:50
Brayden Schenn 3 2 5 0 2 4 1 0 3 0 20/40 25:13 4:04 2:43
Brian Ferlin 0 0 0 0 2 0 2 0 0 0 0/0 5:46 0:00 0:00
Brock McGinn 1 4 5 0 0 4 1 3 0 0 0/0 26:07 3:53 3:47
Dylan McIlrath 0 0 0 3 0 0 2 1 1 2 0/0 18:56 1:31 2:22
Emerson Etem 0 0 0 -1 0 2 2 0 1 0 0/0 11:41 0:00 1:51
Gabriel Carlsson 0 0 0 -1 2 1 0 0 0 0 0/0 10:12 0:00 0:00
Garnet Hathaway 1 1 2 3 0 3 0 0 0 0 0/0 15:19 1:46 0:00
Jamie Arniel 0 0 0 0 0 1 0 0 1 0 2/4 7:06 0:00 0:57
Jason Akeson 0 0 0 -1 0 0 0 0 0 1 0/1 9:28 0:00 0:00
Kellan Lain 1 1 2 3 0 3 3 0 0 0 1/2 16:10 1:46 0:51
Michael Latta 0 0 0 -1 2 2 0 0 1 0 3/8 10:07 0:11 0:07
Nikita Zadorov 0 1 1 0 0 3 0 2 0 0 0/0 30:51 4:19 4:11
Ryan Ellis 0 4 4 0 0 2 1 1 1 1 0/0 30:51 4:19 4:11
Sergei Plotnikov 0 0 0 0 0 0 0 0 0 0 0/1 5:47 0:00 0:00
Vladimir Tarasenko 1 1 2 0 0 7 0 0 1 0 1/2 22:30 4:04 0:00
Yann Sauvé 0 1 1 3 0 0 0 0 1 0 0/0 18:56 1:31 2:22
Players Stats for Flames
Player Name G A P +/- PIM S H SB GA TA FO MP PP MP PK MP
------------------------------------------------------------------------------------
Anders Lee 0 0 0 -1 0 0 0 0 0 0 0/0 7:04 0:00 0:40
Brad Marchand 0 0 0 -2 0 4 0 2 0 0 4/5 20:42 0:00 3:30
Bryan Rust 0 0 0 -2 0 2 1 0 2 2 2/5 18:35 0:00 1:40
Christian Folin 0 1 1 -1 0 1 0 1 0 0 0/0 20:44 2:24 3:14
Colby Robak 0 0 0 1 0 0 1 4 0 1 0/0 12:12 0:00 2:42
David Ullstrom 0 0 0 -1 2 0 0 0 0 0 0/0 7:19 0:00 0:56
Eric Staal 0 0 0 -2 2 2 1 0 0 0 17/36 22:05 3:47 1:24
Erik Johnson 0 0 0 -2 4 0 2 2 1 1 0/0 29:14 4:09 2:06
Esa Lindell 1 0 1 -1 2 1 3 0 0 1 0/0 18:15 2:24 0:29
Jake DeBrusk 1 2 3 2 0 5 0 0 1 1 0/1 15:42 3:47 0:00
Jimmy Hayes 0 2 2 -1 0 2 0 0 0 1 2/3 15:30 3:47 0:00
Kevin Labanc 2 0 2 2 0 8 2 0 0 0 1/2 15:04 2:46 0:00
Kyle Palmieri 0 0 0 -1 0 1 1 0 0 0 0/0 6:24 0:00 0:00
Patrik Berglund 0 0 0 -1 0 0 0 1 0 2 9/22 18:39 2:46 3:30
Rasmus Andersson 0 0 0 1 0 1 0 0 0 0 0/0 11:57 0:00 2:14
Sami Vatanen 0 3 3 -2 2 1 0 1 0 0 0/0 27:51 4:09 0:55
Tanner Pearson 0 0 0 -1 0 1 1 0 1 1 1/1 14:52 2:46 0:00
Victor Rask 0 0 0 2 0 3 0 1 0 0 5/8 11:55 0:00 0:00
3 Stars
1 - Brandon Sutter (NyI)
2 - Brayden Schenn (NyI)
3 - Brock McGinn (NyI)
Power Play
Islanders - 4 on 6 Attempt(s) - 66.67%
Flames - 1 on 4 Attempt(s) - 25.00%
Penalty Kill
Islanders - 3 on 4 Attempt(s) - 75.00%
- Score 0 goal in Penalty Kill
Flames - 2 on 6 Attempt(s) - 33.33%
- Score 0 goal in Penalty Kill
Team Stat
Islanders - Hits : 16 - Faceoff Wins : 42 - Blocked Shots : 7 - Penalty Minutes : 8
Flames - Hits : 12 - Faceoff Wins : 41 - Blocked Shots : 12 - Penalty Minutes : 12
Official
Referees : Jon McIsaac and Reid Anderson
Linesman : Julien Fournier and Ryan Daisy
Game Notes
Michael Hutchinson enters game at 1:54 of 2nd period
0:17 of 3rd period - Islanders goal is going for a video replay. After video review, No Goal. The puck has entered the net after making contact with an attacking player’s stick that is above the height of the crossbar.
Brayden Schenn has scored a Hat Trick!
19:25 of 3rd period - Flames goal is going for a video replay. After video review, No Goal. The puck has entered the net after making contact with an attacking player’s stick that is above the height of the crossbar.
Finance
Level 1 -- Attendance: 6000 (100.00%) -- Ticket Income $600,000
Level 2 -- Attendance: 5000 (100.00%) -- Ticket Income $350,000
Level 3 -- Attendance: 2000 (100.00%) -- Ticket Income $80,000
Level 4 -- Attendance: 4000 (100.00%) -- Ticket Income $120,000
Luxury Box -- Attendance: 1000 (100.00%) -- Ticket Income $200,000
Game was played at the Scotiabank Saddledome.
Total Attendance: 18000 (100.00%)
Total Ticket Income: $1,350,000
Other Income: $202,500
Total Income: $1,552,500
Islanders
5 vs 5 Forward
Center Left Wing Right Wing Time % Phy DF OF
1 Brayden Schenn Brock McGinn Vladimir Tarasenko 40 1 2 2
2 Brandon Sutter Kellan Lain Garnet Hathaway 30 1 2 2
3 Michael Latta Emerson Etem Jason Akeson 20 1 2 2
4 Jamie Arniel Sergei Plotnikov Brian Ferlin 10 1 2 2
5 vs 5 Defense
Defense Defense Time % Phy DF OF
1 Ryan Ellis Nikita Zadorov 40 1 2 2
2 Yann Sauvé Dylan McIlrath 30 1 2 2
3 Brady Skjei Gabriel Carlsson 20 1 2 2
4 Ryan Ellis Nikita Zadorov 10 1 2 2
PowerPlay Forward
Center Left Wing Right Wing Time % Phy DF OF
1 Brayden Schenn Brock McGinn Vladimir Tarasenko 60 1 2 2
2 Brandon Sutter Kellan Lain Garnet Hathaway 40 1 2 2
PowerPlay Defense
Defense Defense Time % Phy DF OF
1 Ryan Ellis Nikita Zadorov 60 1 2 2
2 Yann Sauvé Dylan McIlrath 40 1 2 2
Penalty Kill 4 Players Forward
Center Wing Time % Phy DF OF
1 Brayden Schenn Brock McGinn 60 1 2 2
2 Brandon Sutter Kellan Lain 40 1 2 2
Penalty Kill 4 Players Defense
Defense Defense Time % Phy DF OF
1 Ryan Ellis Nikita Zadorov 60 1 2 2
2 Yann Sauvé Dylan McIlrath 40 1 2 2
Penalty Kill - 3 Players Forward
Forward Time % Phy DF OF
1 Brayden Schenn 60 1 2 2
2 Brandon Sutter 40 1 2 2
Penalty Kill - 3 Players Defense
Defense Defense Time % Phy DF OF
1 Ryan Ellis Nikita Zadorov 60 1 2 2
2 Yann Sauvé Dylan McIlrath 40 1 2 2
4 vs 4 Forward
Center Wing Time % Phy DF OF
1 Brayden Schenn Brock McGinn 60 1 2 2
2 Brandon Sutter Kellan Lain 40 1 2 2
4 vs 4 Defense
Defense Defense Time % Phy DF OF
1 Ryan Ellis Nikita Zadorov 60 1 2 2
2 Yann Sauvé Dylan McIlrath 40 1 2 2
Last Minutes Offensive
Center Left Wing Right Wing Defense Defense
Brayden Schenn Brock McGinn Vladimir Tarasenko Ryan Ellis Nikita Zadorov
Last Minutes Defensive
Center Left Wing Right Wing Defense Defense
Brayden Schenn Brock McGinn Vladimir Tarasenko Ryan Ellis Nikita Zadorov
Goaltenders
Starting : Tyler Weiman
Backup : Joonas Korpisalo
Extra Forwards
Normal : Brandon Sutter, Michael Latta, Garnet Hathaway - PP : Brandon Sutter, Michael Latta - PK : Brandon Sutter
Extra Defensemen
Normal : Dylan McIlrath, Brady Skjei, Gabriel Carlsson - PP : Dylan McIlrath - PK : Dylan McIlrath, Brady Skjei
Penalty Shots
Vladimir Tarasenko, Brayden Schenn, Brock McGinn, Kellan Lain, Brandon Sutter
Custom OT Lines Forwards
Vladimir Tarasenko, Brayden Schenn, Brock McGinn, Kellan Lain, Brandon Sutter, Michael Latta, Garnet Hathaway, Jason Akeson, Emerson Etem, Jamie Arniel
Custom OT Lines Defensemen
Ryan Ellis, Nikita Zadorov, Yann Sauvé, Brady Skjei, Dylan McIlrath
Scratches
Jordan Greenway (Healthy)
Flames
5 vs 5 Forward
Center Left Wing Right Wing Time % Phy DF OF
1 Eric Staal Brad Marchand Bryan Rust 40 1 2 2
2 Patrik Berglund Tanner Pearson Jimmy Hayes 30 1 2 2
3 Victor Rask Jake DeBrusk Kevin Labanc 20 1 2 2
4 Anders Lee David Ullstrom Kyle Palmieri 10 1 2 2
5 vs 5 Defense
Defense Defense Time % Phy DF OF
1 Erik Johnson Sami Vatanen 40 1 2 2
2 Esa Lindell Christian Folin 30 1 2 2
3 Colby Robak Rasmus Andersson 20 1 2 2
4 Erik Johnson Sami Vatanen 10 1 2 2
PowerPlay Forward
Center Left Wing Right Wing Time % Phy DF OF
1 Eric Staal Jake DeBrusk Jimmy Hayes 60 1 1 3
2 Patrik Berglund Tanner Pearson Kevin Labanc 40 1 1 3
PowerPlay Defense
Defense Defense Time % Phy DF OF
1 Erik Johnson Sami Vatanen 60 1 1 3
2 Esa Lindell Christian Folin 40 1 1 3
Penalty Kill 4 Players Forward
Center Wing Time % Phy DF OF
1 Patrik Berglund Brad Marchand 60 1 3 1
2 Eric Staal Bryan Rust 40 1 3 1
Penalty Kill 4 Players Defense
Defense Defense Time % Phy DF OF
1 Erik Johnson Christian Folin 60 1 3 1
2 Colby Robak Rasmus Andersson 40 1 3 1
Penalty Kill - 3 Players Forward
Forward Time % Phy DF OF
1 Eric Staal 60 1 3 1
2 Patrik Berglund 40 1 3 1
Penalty Kill - 3 Players Defense
Defense Defense Time % Phy DF OF
1 Erik Johnson Christian Folin 60 1 3 1
2 Colby Robak Rasmus Andersson 40 1 3 1
4 vs 4 Forward
Center Wing Time % Phy DF OF
1 Eric Staal Brad Marchand 60 1 2 2
2 Patrik Berglund Bryan Rust 40 1 2 2
4 vs 4 Defense
Defense Defense Time % Phy DF OF
1 Erik Johnson Sami Vatanen 60 1 2 2
2 Esa Lindell Christian Folin 40 1 2 2
Last Minutes Offensive
Center Left Wing Right Wing Defense Defense
Eric Staal Brad Marchand Bryan Rust Erik Johnson Sami Vatanen
Last Minutes Defensive
Center Left Wing Right Wing Defense Defense
Eric Staal Brad Marchand Bryan Rust Erik Johnson Sami Vatanen
Goaltenders
Starting : Christopher Gibson
Backup : Michael Hutchinson
Extra Forwards
Normal : Bryan Rust, Jake DeBrusk, Patrik Berglund - PP : Tanner Pearson, Brad Marchand - PK : Bryan Rust
Extra Defensemen
Normal : Esa Lindell, Christian Folin, Colby Robak - PP : Esa Lindell - PK : Sami Vatanen, Colby Robak
Penalty Shots
Eric Staal, Jake DeBrusk, Jimmy Hayes, Tanner Pearson, Kevin Labanc
Custom OT Lines Forwards
Eric Staal, Jake DeBrusk, Patrik Berglund, Bryan Rust, Jimmy Hayes, Brad Marchand, Tanner Pearson, Victor Rask, Kevin Labanc, Kyle Palmieri
Custom OT Lines Defensemen
Erik Johnson, Sami Vatanen, Christian Folin, Esa Lindell, Colby Robak
Scratches
Evgeny Svechnikov (Healthy), Matthew Nieto (Healthy)
% Time on Ice - Islanders
Lines # - Real PCT - Wanted PCT - Time Play
Normal Forward
1 - 40% - 40% - 18:49
2 - 28% - 30% - 13:33
3 - 20% - 20% - 9:28
4 - 12% - 10% - 5:47
Normal Defense
1 - 41% - 40% - 19:34
2 - 32% - 30% - 15:03
3 - 21% - 20% - 10:13
4 - 6% - 10% - 2:47
PP Forward
1 - 70% - 60% - 4:04
2 - 30% - 40% - 1:46
PP Defense
1 - 74% - 60% - 4:19
2 - 26% - 40% - 1:31
PK Forward
1 - 89% - 60% - 5:49
2 - 11% - 40% - 0:44
PK Defense
1 - 64% - 60% - 4:11
2 - 36% - 40% - 2:22
PK3 Forward
1 - 0% - 60%
2 - 0% - 40%
PK3 Defense
1 - 0% - 60%
2 - 0% - 40%
44 Forward
1 - 0% - 60%
2 - 0% - 40%
44 Defense
1 - 0% - 60%
2 - 0% - 40%
Last Minute Offensive - 0:00
Last Minute Defensive - 0:00
Total
Forward - 60:00
Defense - 60:00
|
% Time on Ice - Flames
Lines # - Real PCT - Wanted PCT - Time Play
Normal Forward
1 - 36% - 40% - 17:12
2 - 25% - 30% - 12:06
3 - 25% - 20% - 11:55
4 - 13% - 10% - 6:24
Normal Defense
1 - 43% - 40% - 20:31
2 - 32% - 30% - 15:10
3 - 20% - 20% - 9:26
4 - 5% - 10% - 2:30
PP Forward
1 - 58% - 60% - 3:47
2 - 42% - 40% - 2:46
PP Defense
1 - 63% - 60% - 4:09
2 - 37% - 40% - 2:24
PK Forward
1 - 76% - 60% - 4:26
2 - 24% - 40% - 1:24
PK Defense
1 - 64% - 60% - 3:43
2 - 36% - 40% - 2:07
PK3 Forward
1 - 0% - 60%
2 - 0% - 40%
PK3 Defense
1 - 0% - 60%
2 - 0% - 40%
44 Forward
1 - 0% - 60%
2 - 0% - 40%
44 Defense
1 - 0% - 60%
2 - 0% - 40%
Last Minute Offensive - 0:00
Last Minute Defensive - 0:00
Total
Forward - 60:00
Defense - 60:00
|
Play-by-Play
1st period
0:01 of 1st period - Eric Staal wins face-off versus Brayden Schenn in neutral zone.
0:20 of 1st period - Bryan Rust is hit by Brayden Schenn and loses puck.
0:31 of 1st period - Slapshot by Michael Latta.
0:31 of 1st period - Deflect By Emerson Etem.
0:31 of 1st period - Stopped by Christopher Gibson without a rebound.
0:32 of 1st period - Tanner Pearson wins face-off versus Michael Latta in Flames zone.
0:49 of 1st period - Jimmy Hayes is hit by Emerson Etem and loses puck.
0:59 of 1st period - Off-side.
1:00 of 1st period - Kellan Lain wins face-off versus Victor Rask in neutral zone.
2:37 of 1st period - Off-side.
2:38 of 1st period - Eric Staal wins face-off versus Brayden Schenn in neutral zone.
3:32 of 1st period - Snap shot by Emerson Etem.
3:32 of 1st period - Shot Blocked by Sami Vatanen.
4:19 of 1st period - Wrist shot by Jake DeBrusk.
4:19 of 1st period - Shot Misses the Net.
4:21 of 1st period - Slapshot by Rasmus Andersson.
4:21 of 1st period - Deflect By Victor Rask.
4:21 of 1st period - Shot Misses the Net.
4:21 of 1st period - Puck is out of play.
4:22 of 1st period - Eric Staal wins face-off versus Vladimir Tarasenko in Islanders zone.
4:49 of 1st period - Garnet Hathaway is hit by Tanner Pearson and loses puck.
5:25 of 1st period - Christian Folin is hit by Kellan Lain and loses puck.
5:38 of 1st period - Slapshot by Brady Skjei.
5:38 of 1st period - Stopped by Christopher Gibson without a rebound.
5:39 of 1st period - Victor Rask wins face-off versus Brayden Schenn in Flames zone.
5:54 of 1st period - Backhand shot by Jake DeBrusk.
5:54 of 1st period - Shot Misses the Net.
5:58 of 1st period - Slapshot by Kevin Labanc.
5:58 of 1st period - Stopped by Tyler Weiman with a rebound.
6:00 of 1st period - Wrist shot by Kevin Labanc.
6:00 of 1st period - Goal by Kevin Labanc - Islanders : 0 - Flames : 1.
6:01 of 1st period - Eric Staal wins face-off versus Brayden Schenn in neutral zone.
6:13 of 1st period - Off-side.
6:14 of 1st period - Eric Staal wins face-off versus Sergei Plotnikov in neutral zone.
6:52 of 1st period - Backhand shot by Vladimir Tarasenko.
6:52 of 1st period - Stopped by Christopher Gibson without a rebound.
6:53 of 1st period - Brandon Sutter wins face-off versus Eric Staal in Flames zone.
7:35 of 1st period - Gabriel Carlsson is hit by Colby Robak and loses puck.
7:53 of 1st period - Jamie Arniel is hit by Kevin Labanc and loses puck.
8:16 of 1st period - Wrist shot by Bryan Rust.
8:16 of 1st period - Deflect By Brad Marchand.
8:16 of 1st period - Shot Blocked by Nikita Zadorov.
8:16 of 1st period - Puck is out of play.
8:17 of 1st period - Brayden Schenn wins face-off versus Patrik Berglund in Islanders zone.
8:32 of 1st period - Nikita Zadorov is hit by Erik Johnson and loses puck.
8:47 of 1st period - Off-side.
8:48 of 1st period - Bryan Rust wins face-off versus Brandon Sutter in neutral zone.
8:53 of 1st period - Dylan McIlrath is hit by Bryan Rust and loses puck.
9:02 of 1st period - Wrist shot by Kellan Lain.
9:02 of 1st period - Stopped by Christopher Gibson with a rebound.
9:04 of 1st period - Wrist shot by Brandon Sutter.
9:04 of 1st period - Goal by Brandon Sutter - Islanders : 1 - Flames : 1.
9:05 of 1st period - Eric Staal wins face-off versus Brayden Schenn in neutral zone.
9:10 of 1st period - Slapshot by Bryan Rust.
9:10 of 1st period - Deflect By Eric Staal.
9:10 of 1st period - Shot Misses the Net.
9:10 of 1st period - Puck is out of play.
9:11 of 1st period - Brayden Schenn wins face-off versus Eric Staal in Islanders zone.
9:15 of 1st period - Ryan Ellis is hit by Erik Johnson and loses puck.
9:28 of 1st period - Wrist shot by Brock McGinn.
9:28 of 1st period - Stopped by Christopher Gibson with a rebound.
9:46 of 1st period - Wrist shot by Jimmy Hayes.
9:46 of 1st period - Stopped by Tyler Weiman with a rebound.
10:20 of 1st period - Snap shot by Emerson Etem.
10:20 of 1st period - Stopped by Christopher Gibson with a rebound.
10:28 of 1st period - Slapshot by Ryan Ellis.
10:28 of 1st period - Stopped by Christopher Gibson without a rebound.
10:29 of 1st period - Brayden Schenn wins face-off versus Bryan Rust in Flames zone.
10:30 of 1st period - Wrist shot by Vladimir Tarasenko.
10:30 of 1st period - Stopped by Christopher Gibson with a rebound.
10:41 of 1st period - Snap shot by Eric Staal.
10:41 of 1st period - Deflect By Vladimir Tarasenko.
10:41 of 1st period - Stopped by Tyler Weiman without a rebound.
10:42 of 1st period - Jimmy Hayes wins face-off versus Brandon Sutter in Islanders zone.
10:55 of 1st period - Esa Lindell is hit by Dylan McIlrath and loses puck.
11:15 of 1st period - Wrist shot by Brayden Schenn.
11:15 of 1st period - Shot Misses the Net.
11:38 of 1st period - Slapshot by Brady Skjei.
11:38 of 1st period - Stopped by Christopher Gibson without a rebound.
11:39 of 1st period - Eric Staal wins face-off versus Jamie Arniel in Flames zone.
12:02 of 1st period - Snap shot by Bryan Rust.
12:02 of 1st period - Stopped by Tyler Weiman with a rebound.
12:14 of 1st period - Wrist shot by Eric Staal.
12:14 of 1st period - Stopped by Tyler Weiman without a rebound.
12:15 of 1st period - Brayden Schenn wins face-off versus Patrik Berglund in Islanders zone.
12:42 of 1st period - Sami Vatanen is hit by Brandon Sutter and loses puck.
13:01 of 1st period - Minor Penalty to David Ullstrom for Cross-checking.
13:02 of 1st period - Brayden Schenn wins face-off versus Patrik Berglund in Flames zone.
13:05 of 1st period - Snap shot by Vladimir Tarasenko.
13:05 of 1st period - Goal by Vladimir Tarasenko - Islanders : 2 - Flames : 1.
13:06 of 1st period - Brayden Schenn wins face-off versus Eric Staal in neutral zone.
13:13 of 1st period - Wrist shot by Brayden Schenn.
13:13 of 1st period - Shot Misses the Net.
13:19 of 1st period - Slapshot by Sami Vatanen.
13:19 of 1st period - Deflect By Bryan Rust.
13:19 of 1st period - Shot Misses the Net.
13:19 of 1st period - Puck is out of play.
13:20 of 1st period - Brandon Sutter wins face-off versus Patrik Berglund in Islanders zone.
13:56 of 1st period - Snap shot by Eric Staal.
13:56 of 1st period - Deflect By Brad Marchand.
13:56 of 1st period - Stopped by Tyler Weiman without a rebound.
13:57 of 1st period - Brandon Sutter wins face-off versus Victor Rask in Islanders zone.
14:53 of 1st period - Minor Penalty to Brian Ferlin for Tripping.
14:54 of 1st period - Brayden Schenn wins face-off versus Eric Staal in Islanders zone.
16:17 of 1st period - Icing by Jake DeBrusk.
16:18 of 1st period - Brandon Sutter wins face-off versus Kevin Labanc in Flames zone.
16:53 of 1st period - Penalty to Brian Ferlin is over, Brian Ferlin is back on ice.
17:30 of 1st period - Slapshot by Ryan Ellis.
17:30 of 1st period - Deflect By Brad Marchand.
17:30 of 1st period - Stopped by Christopher Gibson without a rebound.
17:31 of 1st period - Brandon Sutter wins face-off versus Victor Rask in Flames zone.
17:32 of 1st period - Snap shot by Garnet Hathaway.
17:32 of 1st period - Deflect By Brandon Sutter.
17:32 of 1st period - Shot Misses the Net.
17:32 of 1st period - Puck is out of play.
17:33 of 1st period - Victor Rask wins face-off versus Brandon Sutter in Flames zone.
18:09 of 1st period - Wrist shot by Vladimir Tarasenko.
18:09 of 1st period - Shot Misses the Net.
18:51 of 1st period - Snap shot by Brock McGinn.
18:51 of 1st period - Goal by Brock McGinn - Islanders : 3 - Flames : 1.
18:52 of 1st period - Eric Staal wins face-off versus Brandon Sutter in neutral zone.
19:19 of 1st period - Snap shot by Kevin Labanc.
19:19 of 1st period - Stopped by Tyler Weiman with a rebound.
19:21 of 1st period - Slapshot by Victor Rask.
19:21 of 1st period - Shot Misses the Net.
19:23 of 1st period - Snap shot by Jake DeBrusk.
19:23 of 1st period - Stopped by Tyler Weiman with a rebound.
19:25 of 1st period - Slapshot by Rasmus Andersson.
19:25 of 1st period - Deflect By Jake DeBrusk.
19:25 of 1st period - Shot Misses the Net.
19:25 of 1st period - Puck is out of play.
19:26 of 1st period - Kevin Labanc wins face-off versus Brayden Schenn in Islanders zone.
19:29 of 1st period - Slapshot by Jake DeBrusk.
19:29 of 1st period - Stopped by Tyler Weiman without a rebound.
19:30 of 1st period - Brad Marchand wins face-off versus Brayden Schenn in Islanders zone.
19:31 of 1st period - Snap shot by Bryan Rust.
19:31 of 1st period - Shot Misses the Net.
19:33 of 1st period - Wrist shot by Brad Marchand.
19:33 of 1st period - Stopped by Tyler Weiman without a rebound.
19:34 of 1st period - Brayden Schenn wins face-off versus Bryan Rust in Islanders zone.
19:36 of 1st period - Minor Penalty to Gabriel Carlsson for Tripping.
19:37 of 1st period - Jimmy Hayes wins face-off versus Brayden Schenn in Islanders zone.
Goals for this period are 3 for Islanders vs 1 for Flames.
Shots for this period are 13 for Islanders vs 11 for Flames.
2nd period
0:01 of 2nd period - Eric Staal wins face-off versus Brayden Schenn in neutral zone.
0:12 of 2nd period - Snap shot by Jake DeBrusk.
0:12 of 2nd period - Goal by Jake DeBrusk - Islanders : 3 - Flames : 2.
0:13 of 2nd period - Brad Marchand wins face-off versus Brayden Schenn in neutral zone.
0:44 of 2nd period - Wrist shot by Jimmy Hayes.
0:44 of 2nd period - Deflect By Tanner Pearson.
0:44 of 2nd period - Stopped by Tyler Weiman with a rebound.
1:54 of 2nd period - Snap shot by Garnet Hathaway.
1:54 of 2nd period - Goal by Garnet Hathaway - Islanders : 4 - Flames : 2.
1:54 of 2nd period - Michael Hutchinson enters game.
1:55 of 2nd period - Brayden Schenn wins face-off versus Eric Staal in neutral zone.
1:58 of 2nd period - Brad Marchand is hit by Brock McGinn and loses puck.
2:09 of 2nd period - Snap shot by Brock McGinn.
2:09 of 2nd period - Shot Blocked by Colby Robak.
2:11 of 2nd period - Backhand shot by Vladimir Tarasenko.
2:11 of 2nd period - Stopped by Michael Hutchinson with a rebound.
2:37 of 2nd period - Icing by Colby Robak.
2:38 of 2nd period - Victor Rask wins face-off versus Michael Latta in Flames zone.
2:38 of 2nd period - Victor Rask is hit by Ryan Ellis.
2:48 of 2nd period - Slapshot by Nikita Zadorov.
2:48 of 2nd period - Shot Blocked by Colby Robak.
3:04 of 2nd period - Rasmus Andersson is hit by Brandon Sutter and loses puck.
3:54 of 2nd period - Slapshot by Victor Rask.
3:54 of 2nd period - Stopped by Tyler Weiman with a rebound.
4:12 of 2nd period - Snap shot by Kevin Labanc.
4:12 of 2nd period - Stopped by Tyler Weiman without a rebound.
4:13 of 2nd period - Brandon Sutter wins face-off versus Eric Staal in Islanders zone.
4:48 of 2nd period - Snap shot by Michael Latta.
4:48 of 2nd period - Shot Hit the Post.
4:50 of 2nd period - Snap shot by Ryan Ellis.
4:50 of 2nd period - Shot Blocked by Patrik Berglund.
5:38 of 2nd period - Snap shot by Jason Akeson.
5:38 of 2nd period - Deflect By Brock McGinn.
5:38 of 2nd period - Shot Misses the Net.
5:38 of 2nd period - Puck is out of play.
5:39 of 2nd period - Patrik Berglund wins face-off versus Brayden Schenn in Flames zone.
5:48 of 2nd period - Slapshot by Esa Lindell.
5:48 of 2nd period - Shot Blocked by Brock McGinn.
5:50 of 2nd period - Snap shot by Jimmy Hayes.
5:50 of 2nd period - Stopped by Tyler Weiman without a rebound.
5:51 of 2nd period - Brandon Sutter wins face-off versus Eric Staal in Islanders zone.
5:51 of 2nd period - Brandon Sutter is hit by Eric Staal.
6:59 of 2nd period - Snap shot by Victor Rask.
6:59 of 2nd period - Stopped by Tyler Weiman without a rebound.
7:00 of 2nd period - Victor Rask wins face-off versus Brayden Schenn in Islanders zone.
7:05 of 2nd period - Slapshot by Jake DeBrusk.
7:05 of 2nd period - Shot Misses the Net.
7:07 of 2nd period - Snap shot by Sami Vatanen.
7:07 of 2nd period - Stopped by Tyler Weiman with a rebound.
7:31 of 2nd period - Slapshot by Sami Vatanen.
7:31 of 2nd period - Shot Blocked by Dylan McIlrath.
7:33 of 2nd period - Wrist shot by Erik Johnson.
7:33 of 2nd period - Shot Blocked by Brock McGinn.
8:34 of 2nd period - Kevin Labanc is hit by Dylan McIlrath and loses puck.
9:07 of 2nd period - Wrist shot by Victor Rask.
9:07 of 2nd period - Deflect By Jake DeBrusk.
9:07 of 2nd period - Stopped by Tyler Weiman without a rebound.
9:08 of 2nd period - Brad Marchand wins face-off versus Michael Latta in Islanders zone.
9:16 of 2nd period - Icing by Emerson Etem.
9:17 of 2nd period - Eric Staal wins face-off versus Michael Latta in Islanders zone.
9:53 of 2nd period - Wrist shot by Michael Latta.
9:53 of 2nd period - Shot Blocked by Christian Folin.
9:55 of 2nd period - Wrist shot by Michael Latta.
9:55 of 2nd period - Shot Misses the Net.
10:03 of 2nd period - Wrist shot by Michael Latta.
10:03 of 2nd period - Stopped by Michael Hutchinson with a rebound.
10:05 of 2nd period - Snap shot by Michael Latta.
10:05 of 2nd period - Stopped by Michael Hutchinson with a rebound.
10:07 of 2nd period - Snap shot by Nikita Zadorov.
10:07 of 2nd period - Stopped by Michael Hutchinson without a rebound.
10:08 of 2nd period - Brandon Sutter wins face-off versus Jimmy Hayes in Flames zone.
10:15 of 2nd period - Slapshot by Brandon Sutter.
10:15 of 2nd period - Deflect By Kellan Lain.
10:15 of 2nd period - Shot Misses the Net.
10:15 of 2nd period - Puck is out of play.
10:16 of 2nd period - Brandon Sutter wins face-off versus Patrik Berglund in Flames zone.
10:17 of 2nd period - Snap shot by Kellan Lain.
10:17 of 2nd period - Shot Misses the Net.
10:19 of 2nd period - Snap shot by Garnet Hathaway.
10:19 of 2nd period - Stopped by Michael Hutchinson with a rebound.
10:21 of 2nd period - Snap shot by Garnet Hathaway.
10:21 of 2nd period - Shot Misses the Net.
10:23 of 2nd period - Snap shot by Garnet Hathaway.
10:23 of 2nd period - Deflect By Brandon Sutter.
10:23 of 2nd period - Stopped by Michael Hutchinson with a rebound.
10:25 of 2nd period - Snap shot by Brandon Sutter.
10:25 of 2nd period - Stopped by Michael Hutchinson with a rebound.
10:27 of 2nd period - Slapshot by Kellan Lain.
10:27 of 2nd period - Shot Misses the Net.
10:31 of 2nd period - Snap shot by Garnet Hathaway.
10:31 of 2nd period - Stopped by Michael Hutchinson without a rebound.
10:32 of 2nd period - Eric Staal wins face-off versus Jamie Arniel in Flames zone.
11:04 of 2nd period - Snap shot by Jimmy Hayes.
11:04 of 2nd period - Shot Misses the Net.
11:06 of 2nd period - Slapshot by Christian Folin.
11:06 of 2nd period - Stopped by Tyler Weiman with a rebound.
11:08 of 2nd period - Slapshot by Esa Lindell.
11:08 of 2nd period - Goal by Esa Lindell - Islanders : 4 - Flames : 3.
11:09 of 2nd period - Brayden Schenn wins face-off versus Eric Staal in neutral zone.
11:14 of 2nd period - Slapshot by Nikita Zadorov.
11:14 of 2nd period - Shot Blocked by Brad Marchand.
11:16 of 2nd period - Slapshot by Nikita Zadorov.
11:16 of 2nd period - Stopped by Michael Hutchinson without a rebound.
11:17 of 2nd period - Brayden Schenn wins face-off versus Eric Staal in Flames zone.
11:20 of 2nd period - Snap shot by Vladimir Tarasenko.
11:20 of 2nd period - Shot Hit the Post.
11:40 of 2nd period - Slapshot by Sami Vatanen.
11:40 of 2nd period - Shot Blocked by Brock McGinn.
11:50 of 2nd period - Backhand shot by Brad Marchand.
11:50 of 2nd period - Stopped by Tyler Weiman without a rebound.
11:51 of 2nd period - Patrik Berglund wins face-off versus Kellan Lain in Islanders zone.
13:12 of 2nd period - Snap shot by Jake DeBrusk.
13:12 of 2nd period - Stopped by Tyler Weiman with a rebound.
13:14 of 2nd period - Snap shot by Kevin Labanc.
13:14 of 2nd period - Shot Misses the Net.
13:16 of 2nd period - Wrist shot by Victor Rask.
13:16 of 2nd period - Shot Blocked by Nikita Zadorov.
13:18 of 2nd period - Wrist shot by Rasmus Andersson.
13:18 of 2nd period - Deflect By Kevin Labanc.
13:18 of 2nd period - Shot Misses the Net.
13:18 of 2nd period - Puck is out of play.
13:19 of 2nd period - Eric Staal wins face-off versus Brandon Sutter in Islanders zone.
13:47 of 2nd period - Minor Penalty to Michael Latta for Holding.
13:48 of 2nd period - Eric Staal wins face-off versus Brayden Schenn in Islanders zone.
14:55 of 2nd period - Yann Sauvé is hit by Esa Lindell and loses puck.
15:02 of 2nd period - Tanner Pearson is hit by Brandon Sutter and loses puck.
15:19 of 2nd period - Sami Vatanen is hit by Emerson Etem and loses puck.
15:47 of 2nd period - Penalty to Michael Latta is over, Michael Latta is back on ice.
16:02 of 2nd period - Snap shot by Kyle Palmieri.
16:02 of 2nd period - Shot Misses the Net.
16:16 of 2nd period - Eric Staal is hit by Kellan Lain and loses puck.
16:56 of 2nd period - Icing by Gabriel Carlsson.
16:57 of 2nd period - Michael Latta wins face-off versus Patrik Berglund in Islanders zone.
16:57 of 2nd period - Michael Latta is hit by Esa Lindell.
17:40 of 2nd period - Jake DeBrusk is hit by Brian Ferlin and loses puck.
18:03 of 2nd period - Icing by Yann Sauvé.
18:04 of 2nd period - Jamie Arniel wins face-off versus Patrik Berglund in Islanders zone.
18:41 of 2nd period - Slapshot by Rasmus Andersson.
18:41 of 2nd period - Stopped by Tyler Weiman without a rebound.
18:42 of 2nd period - Brandon Sutter wins face-off versus Eric Staal in Islanders zone.
18:49 of 2nd period - Wrist shot by Kellan Lain.
18:49 of 2nd period - Stopped by Michael Hutchinson without a rebound.
18:50 of 2nd period - Eric Staal wins face-off versus Brandon Sutter in Flames zone.
19:08 of 2nd period - Slapshot by Bryan Rust.
19:08 of 2nd period - Stopped by Tyler Weiman without a rebound.
19:09 of 2nd period - Brayden Schenn wins face-off versus Patrik Berglund in Islanders zone.
19:18 of 2nd period - Slapshot by Vladimir Tarasenko.
19:18 of 2nd period - Shot Misses the Net.
19:20 of 2nd period - Slapshot by Nikita Zadorov.
19:20 of 2nd period - Shot Misses the Net.
19:22 of 2nd period - Wrist shot by Vladimir Tarasenko.
19:22 of 2nd period - Stopped by Michael Hutchinson with a rebound.
19:35 of 2nd period - Ryan Ellis is hit by Esa Lindell and loses puck.
Goals for this period are 1 for Islanders vs 2 for Flames.
Shots for this period are 12 for Islanders vs 14 for Flames.
3rd period
0:01 of 3rd period - Brayden Schenn wins face-off versus Eric Staal in neutral zone.
0:11 of 3rd period - Off-side.
0:12 of 3rd period - Brayden Schenn wins face-off versus Eric Staal in neutral zone.
0:15 of 3rd period - Snap shot by Vladimir Tarasenko.
0:15 of 3rd period - Stopped by Michael Hutchinson with a rebound.
0:17 of 3rd period - Snap shot by Brock McGinn.
0:17 of 3rd period - Islanders goal is going for a video replay.
0:17 of 3rd period - The goal is refused. The puck has entered the net after making contact with an attacking player’s stick that is above the height of the crossbar..
0:18 of 3rd period - Brayden Schenn wins face-off versus Eric Staal in Flames zone.
0:34 of 3rd period - Off-side.
0:35 of 3rd period - Brandon Sutter wins face-off versus Patrik Berglund in neutral zone.
0:40 of 3rd period - Wrist shot by Kellan Lain.
0:40 of 3rd period - Goal by Kellan Lain - Islanders : 5 - Flames : 3.
0:41 of 3rd period - Brandon Sutter wins face-off versus Eric Staal in neutral zone.
0:44 of 3rd period - Snap shot by Brandon Sutter.
0:44 of 3rd period - Shot Misses the Net.
0:56 of 3rd period - Snap shot by Eric Staal.
0:56 of 3rd period - Shot Misses the Net.
1:24 of 3rd period - Minor Penalty to Sami Vatanen for Tripping.
1:25 of 3rd period - Brad Marchand wins face-off versus Brayden Schenn in Flames zone.
2:43 of 3rd period - Slapshot by Ryan Ellis.
2:43 of 3rd period - Shot Blocked by Colby Robak.
2:45 of 3rd period - Slapshot by Brayden Schenn.
2:45 of 3rd period - Goal by Brayden Schenn - Islanders : 6 - Flames : 3.
2:46 of 3rd period - Patrik Berglund wins face-off versus Brandon Sutter in neutral zone.
3:09 of 3rd period - Icing by Brandon Sutter.
3:10 of 3rd period - Michael Latta wins face-off versus Brad Marchand in Islanders zone.
3:21 of 3rd period - Slapshot by Jason Akeson.
3:21 of 3rd period - Shot Misses the Net.
3:25 of 3rd period - Snap shot by Jason Akeson.
3:25 of 3rd period - Shot Hit the Post.
3:55 of 3rd period - Sergei Plotnikov is hit by Kyle Palmieri and loses puck.
4:18 of 3rd period - Snap shot by Kevin Labanc.
4:18 of 3rd period - Stopped by Tyler Weiman with a rebound.
4:37 of 3rd period - Minor Penalty to Eric Staal for Tripping.
4:38 of 3rd period - Vladimir Tarasenko wins face-off versus Patrik Berglund in Flames zone.
4:40 of 3rd period - Wrist shot by Brayden Schenn.
4:40 of 3rd period - Shot Misses the Net.
4:42 of 3rd period - Snap shot by Brayden Schenn.
4:42 of 3rd period - Stopped by Michael Hutchinson without a rebound.
4:43 of 3rd period - Patrik Berglund wins face-off versus Brayden Schenn in Flames zone.
4:48 of 3rd period - Snap shot by Brayden Schenn.
4:48 of 3rd period - Goal by Brayden Schenn - Islanders : 7 - Flames : 3.
4:49 of 3rd period - Bryan Rust wins face-off versus Brayden Schenn in neutral zone.
5:25 of 3rd period - Wrist shot by Patrik Berglund.
5:25 of 3rd period - Deflect By Jimmy Hayes.
5:25 of 3rd period - Shot Misses the Net.
5:25 of 3rd period - Puck is out of play.
5:26 of 3rd period - Patrik Berglund wins face-off versus Jason Akeson in Islanders zone.
5:55 of 3rd period - Wrist shot by Vladimir Tarasenko.
5:55 of 3rd period - Stopped by Michael Hutchinson without a rebound.
5:56 of 3rd period - Brayden Schenn wins face-off versus Bryan Rust in Flames zone.
6:01 of 3rd period - Slapshot by Vladimir Tarasenko.
6:01 of 3rd period - Deflect By Brayden Schenn.
6:01 of 3rd period - Shot Blocked by Erik Johnson.
6:01 of 3rd period - Puck is out of play.
6:02 of 3rd period - Brayden Schenn wins face-off versus Eric Staal in Flames zone.
6:19 of 3rd period - Slapshot by Nikita Zadorov.
6:19 of 3rd period - Stopped by Michael Hutchinson without a rebound.
6:20 of 3rd period - Patrik Berglund wins face-off versus Brandon Sutter in Flames zone.
7:11 of 3rd period - Minor Penalty to Esa Lindell for Tripping.
7:12 of 3rd period - Patrik Berglund wins face-off versus Brayden Schenn in Flames zone.
7:40 of 3rd period - Icing by Garnet Hathaway.
7:41 of 3rd period - Brandon Sutter wins face-off versus Patrik Berglund in Islanders zone.
9:11 of 3rd period - Penalty to Esa Lindell is over, Esa Lindell is back on ice.
10:20 of 3rd period - Snap shot by Victor Rask.
10:20 of 3rd period - Stopped by Tyler Weiman without a rebound.
10:21 of 3rd period - Michael Latta wins face-off versus Jake DeBrusk in Islanders zone.
10:21 of 3rd period - Michael Latta is hit by Kevin Labanc.
10:27 of 3rd period - Slapshot by Nikita Zadorov.
10:27 of 3rd period - Shot Blocked by Erik Johnson.
10:43 of 3rd period - Slapshot by Sami Vatanen.
10:43 of 3rd period - Deflect By Kevin Labanc.
10:43 of 3rd period - Goal by Kevin Labanc - Islanders : 7 - Flames : 4.
10:44 of 3rd period - Brayden Schenn wins face-off versus Eric Staal in neutral zone.
10:46 of 3rd period - Minor Penalty to Brayden Schenn for High sticking.
10:47 of 3rd period - Eric Staal wins face-off versus Brandon Sutter in Islanders zone.
11:13 of 3rd period - Patrik Berglund is hit by Brandon Sutter and loses puck.
11:20 of 3rd period - Slapshot by Erik Johnson.
11:20 of 3rd period - Shot Blocked by Ryan Ellis.
12:31 of 3rd period - Icing by Erik Johnson.
12:32 of 3rd period - Jamie Arniel wins face-off versus Eric Staal in Flames zone.
12:46 of 3rd period - Penalty to Brayden Schenn is over, Brayden Schenn is back on ice.
13:19 of 3rd period - Slapshot by Esa Lindell.
13:19 of 3rd period - Shot Misses the Net.
13:23 of 3rd period - Snap shot by Kyle Palmieri.
13:23 of 3rd period - Stopped by Tyler Weiman without a rebound.
13:24 of 3rd period - Brayden Schenn wins face-off versus Eric Staal in Islanders zone.
14:11 of 3rd period - Rasmus Andersson is hit by Kellan Lain and loses puck.
14:16 of 3rd period - Slapshot by Brady Skjei.
14:16 of 3rd period - Shot Blocked by Colby Robak.
14:18 of 3rd period - Slapshot by Gabriel Carlsson.
14:18 of 3rd period - Stopped by Michael Hutchinson without a rebound.
14:19 of 3rd period - Brandon Sutter wins face-off versus Eric Staal in Flames zone.
14:28 of 3rd period - Snap shot by Kellan Lain.
14:28 of 3rd period - Shot Misses the Net.
14:30 of 3rd period - Minor Penalty to Erik Johnson for Hooking.
14:31 of 3rd period - Brayden Schenn wins face-off versus Patrik Berglund in Flames zone.
14:34 of 3rd period - Snap shot by Brock McGinn.
14:34 of 3rd period - Stopped by Michael Hutchinson with a rebound.
14:36 of 3rd period - Wrist shot by Brock McGinn.
14:36 of 3rd period - Shot Blocked by Brad Marchand.
16:30 of 3rd period - Penalty to Erik Johnson is over, Erik Johnson is back on ice.
16:42 of 3rd period - Slapshot by Jamie Arniel.
16:42 of 3rd period - Stopped by Michael Hutchinson without a rebound.
16:43 of 3rd period - Victor Rask wins face-off versus Michael Latta in Flames zone.
17:08 of 3rd period - Victor Rask is hit by Brian Ferlin and loses puck.
17:15 of 3rd period - Snap shot by Jamie Arniel.
17:15 of 3rd period - Shot Misses the Net.
17:17 of 3rd period - Slapshot by Ryan Ellis.
17:17 of 3rd period - Shot Blocked by Victor Rask.
17:31 of 3rd period - Snap shot by Kyle Palmieri.
17:31 of 3rd period - Shot Hit the Post.
17:39 of 3rd period - Minor Penalty to Erik Johnson for Cross-checking.
17:40 of 3rd period - Patrik Berglund wins face-off versus Brayden Schenn in Flames zone.
17:55 of 3rd period - Slapshot by Brayden Schenn.
17:55 of 3rd period - Goal by Brayden Schenn - Islanders : 8 - Flames : 4.
17:56 of 3rd period - Eric Staal wins face-off versus Brayden Schenn in neutral zone.
18:24 of 3rd period - Off-side.
18:25 of 3rd period - Patrik Berglund wins face-off versus Brandon Sutter in neutral zone.
18:55 of 3rd period - Wrist shot by Brad Marchand.
18:55 of 3rd period - Stopped by Tyler Weiman with a rebound.
18:57 of 3rd period - Wrist shot by Eric Staal.
18:57 of 3rd period - Shot Misses the Net.
19:17 of 3rd period - Snap shot by Jake DeBrusk.
19:17 of 3rd period - Shot Misses the Net.
19:19 of 3rd period - Slapshot by Esa Lindell.
19:19 of 3rd period - Shot Misses the Net.
19:21 of 3rd period - Snap shot by Kevin Labanc.
19:21 of 3rd period - Stopped by Tyler Weiman with a rebound.
19:25 of 3rd period - Snap shot by Kevin Labanc.
19:25 of 3rd period - Flames goal is going for a video replay.
19:25 of 3rd period - The goal is refused. The puck has entered the net after making contact with an attacking player’s stick that is above the height of the crossbar..
19:26 of 3rd period - Brandon Sutter wins face-off versus Patrik Berglund in Islanders zone.
19:33 of 3rd period - Snap shot by Brandon Sutter.
19:33 of 3rd period - Goal by Brandon Sutter - Islanders : 9 - Flames : 4.
19:34 of 3rd period - Eric Staal wins face-off versus Brayden Schenn in neutral zone.
19:43 of 3rd period - Slapshot by Ryan Ellis.
19:43 of 3rd period - Shot Misses the Net.
Goals for this period are 5 for Islanders vs 1 for Flames.
Shots for this period are 13 for Islanders vs 7 for Flames.